 Dungeon Crawl Stone Soup version 0.22.1-2-g9c5b331 (webtiles) character file.

374 diana the Slasher (level 6, -13/87 HPs)
             Began as a Naga Berserker on Nov 23, 2018.
             Was a Priest of Trog.
             Mangled by an ogre
             ... wielding a +0 giant spiked club
              (22 damage)
             ... on level 5 of the Dungeon.
             The game lasted 00:06:34 (4457 turns).

diana the Slasher (Naga Berserker)                  Turns: 4457, Time: 00:06:35

Health: -13/87     AC:  5    Str: 31    XL:     6   Next: 72%
Magic:  6/6        EV: 10    Int:  8    God:    Trog [***...]
Gold:   145        SH:  0    Dex: 11    Spells: 5/5 levels left

rFire    . . .     SeeInvis +   a - +0 falchion
rCold    . . .     Gourm    .   (no shield)
rNeg     + . .     Faith    .   o - +0 steam dragon scales
rPois    +         Spirit   .   f - +0 helmet
rElec    .         Reflect  .   (no cloak)
rCorr    .         Harm     .   (no gloves)
MR       .....                  (no barding)
Stlth    ..........             (no amulet)
HPRegen  0.24/turn              q - ring of positive energy
MPRegen  0.10/turn              t - +6 ring of strength

@: berserking, quick
A: large, see invisible, deformed body, poison resistance, slowness 2, slow
metabolism 1, spit poison 1, AC +2
a: Spit Poison, Berserk, Trog's Hand, Renounce Religion


You were on level 5 of the Dungeon.
You worshipped Trog.
Trog was most pleased with you.
You were very hungry.

You visited 1 branch of the dungeon, and saw 5 of its levels.

You collected 145 gold pieces.

Inventory:

Hand Weapons
 a - a +0 falchion (weapon)
Armour
 f - a +0 helmet (worn)
 o - +0 steam dragon scales (worn)
Jewellery
 q - a ring of positive energy (left hand)
 t - a +6 ring of strength (right hand)
 v - a cursed amulet of inaccuracy {unknown}
Wands
 x - a wand of random effects (11)
Scrolls
 d - 2 scrolls of amnesia {unknown}
 e - 5 scrolls of remove curse
 g - a scroll of teleportation {unknown}
 i - a scroll of enchant armour {unknown}
 l - a scroll of magic mapping {unknown}
 m - 3 scrolls of noise {unknown}
 p - a scroll of identify {unknown}
 s - a scroll of fog {unknown}
 u - a scroll of enchant weapon {unknown}
Potions
 b - a potion of haste {unknown}
 h - a potion of brilliance {unknown}
 j - 5 potions of curing
 k - a potion of heal wounds {unknown}
 n - 2 potions of mutation {unknown}
 r - 2 potions of magic {unknown}
 w - 2 potions of invisibility {unknown}
Comestibles
 c - 11 rations
 z - 2 chunks of flesh


   Skills:
 + Level 4.6 Fighting
 * Level 6.3 Long Blades
 - Level 1.5 Armour
 - Level 1.5 Dodging
 - Level 1.0 Stealth


You had 5 spell levels left.
You didn't know any spells.
Your spell library was empty.

Dungeon Overview and Level Annotations

Branches:
Dungeon (5/15)
 Temple: D:4-7

Altars:
Vehumet


Innate Abilities, Weirdness & Mutations

You cannot wear boots.
Your serpentine skin is tough. (AC +2)
You have supernaturally acute eyesight. (SInv)
Armour fits poorly on your strangely shaped body.
Your system is resistant to poisons. (rPois)
You cover ground very slowly.
You have a slow metabolism.
You can spit poison.


Message History

You are too injured to fight recklessly!
You are too injured to fight recklessly!
You are too injured to fight recklessly!
You are too injured to fight recklessly!
You are too injured to fight recklessly!
You are too injured to fight recklessly!
You are too injured to fight recklessly!
You are too injured to fight recklessly!
You are too injured to fight recklessly!
You slash the ogre!
The ogre is severely wounded.
You hit the ogre but do no damage.
The ogre is severely wounded.
The ogre hits you with a giant spiked club!!
* * * LOW HITPOINT WARNING * * *
A red film seems to cover your vision as you go berserk!
You feel yourself moving faster!
You feel mighty!
You are feeling very hungry.
The ogre hits you with a giant spiked club!!
You die...

....# ...# ...# ..#
..## ######## #..
#......# #O# #......#
#@# #......# #.#
#......###.#
#..†)..'...#
#......########
#......'....... ..##
#......##########...#
#..............#....+
##+#.)#.######.#....#


You could see an ogre.

Vanquished Creatures
  A howler monkey (D:4)
  A hound (D:5)
  Jessica (D:2)
  An iguana (D:4)
  4 worker ants
  Robin (D:2)
  3 adders
  A worm (D:2)
  A dart slug (D:3)
  5 orcs
  11 bats
  17 giant cockroaches
  18 goblins
  11 hobgoblins
  4 jackals
  10 kobolds
  4 ball pythons
  9 frilled lizards
  12 rats
115 creatures vanquished.

Notes
Turn   | Place    | Note
-------+----------+-------------------------------------------
     0 | D:1      | diana the Naga Berserker began the quest for the Orb.
     0 | D:1      | Reached XP level 1. HP: 21/21 MP: 1/1
   319 | D:1      | Reached XP level 2. HP: 13/28 MP: 2/2
  1386 | D:2      | Reached XP level 3. HP: 3/34 MP: 3/3
  1765 | D:2      | Reached skill level 4 in Long Blades
  1877 | D:2      | Noticed Robin
  1903 | D:2      | Reached ** piety under Trog
  1909 | D:2      | Killed Robin
  1909 | D:2      | Reached XP level 4. HP: 20/43 MP: 4/4
  2405 | D:2      | Noticed Jessica
  2417 | D:2      | Killed Jessica
  2542 | D:3      | Reached XP level 5. HP: 29/50 MP: 5/5
  2709 | D:3      | Reached skill level 5 in Long Blades
  3080 | D:3      | Reached *** piety under Trog
  3093 | D:3      | Reached skill level 1 in Stealth
  3511 | D:4      | Reached XP level 6. HP: 52/57 MP: 6/6
  4090 | D:4      | Found a radiant altar of Vehumet.
  4231 | D:5      | Entered Level 5 of the Dungeon
  4247 | D:5      | Reached skill level 6 in Long Blades
  4457 | D:5      | Mangled by an ogre

Skill      XL: |  1  2  3  4  5  6 |
---------------+-------------------+-----
Long Blades    | 4 5 6 |  6.3
Fighting       | 4 |  4.6
Stealth        | 1 |  1.0
Armour         | |  1.5
Dodging        | |  1.5

Action                   |  1- 3 |  4- 6 || total
-------------------------+-------+-------++-------
Melee: Falchion          |   128 |   277 ||   405
Invok: Berserk           |     1 |     1 ||     2
  Use: Potion            |     2 |       ||     2
       Scroll            |       |     1 ||     1
 Stab: Sleeping          |     1 |     1 ||     2
       Distracted        |       |     1 ||     1
  Eat: Chunk             |     2 |     8 ||    10
Armor: Animal skin       |    17 |       ||    17
       Steam dragon scal |     2 |   129 ||   131
Dodge: Dodged            |    99 |   190 ||   289
       Rpst.: Falchion   |    32 |    63 ||    95
